 Dungeon Crawl Stone Soup version 0.31-a0-844-gdc52ec4e09 (webtiles) character file.

Game seed: 11858850297554092014

7658 Ethylacetat the Mimic (level 11, -7/58 HPs)
             Began as a Vine Stalker Shapeshifter on Sept 29, 2023.
             Was a High Priest of Okawaru.
             Killed from afar by a molten gargoyle (15 damage)
             ... with a bolt of magma
             ... on level 9 of the Dungeon.
             The game lasted 00:20:55 (6476 turns).

Ethylacetat the Mimic (Vine Stalker Shapeshifter)   Turns: 6476, Time: 00:20:56

Health: -7/58      AC: 19    Str: 24    XL:     11   Next: 18%
Magic:  0/25       EV: 12    Int: 10    God:    Okawaru [*****.]
Gold:   542        SH:  0    Dex: 14    Spells: 10/10 levels left

rFire   . .          .
                       - Unarmed
rCold   + . .        (shield currently unavailable)
rNeg    . . .        k - +2 scale mail {rC+}
rPois   .            c - +0 hat "Qupos" {rElec}
rElec   +            F - +2 cloak {Stlth+}
rCorr   .            h - +0 pair of gloves {Str+3}
SInv    .            Q - +2 pair of boots {Fly}
Will    +....        r - amulet of regeneration
Stlth   +            i - +4 ring of protection
HPRegen 1.89/turn    A - ring of magical power
MPRegen 0.19/turn

%: guardian spirit
@: about to teleport, flux-form, flying, glowing
A: glow, contaminating, fangs 3, regeneration 1, magic shield, antimagic bite,
no potion heal 2
a: Begin Untransformation, Renounce Religion, Heroism, Finesse, Duel


You were on level 9 of the Dungeon.
You worshipped Okawaru.
Okawaru was extremely pleased with you.
You were something dangerously unstable.
You visited 1 branch of the dungeon, and saw 9 of its levels.
You also visited: Ossuary.

You collected 802 gold pieces.
You spent 260 gold pieces at shops.

Inventory:

Hand Weapons
 N - the +0 long sword of Izaur {freeze, rF++ Str-5 SInv}
   (You found it on level 8 of the Dungeon)

   Str-5:     It affects your strength (-5).
   rF++:      It greatly protects you from fire.
   SInv:      It lets you see invisible.
Missiles
 B - 2 throwing nets
Armour
 c - the +0 hat "Qupos" (worn) {rElec}
   (You found it on level 7 of the Dungeon)

   rElec:     It insulates you from electricity.
 h - a +0 pair of gloves of strength (worn)
 k - a +2 scale mail of cold resistance (worn)
 F - a +2 cloak of stealth (worn)
 P - a +0 buckler
 Q - a +2 pair of boots of flying (worn)
Jewellery
 i - a +4 ring of protection (left hand)
 r - an amulet of regeneration (around neck)
 y - a ring of resist corrosion
 A - a ring of magical power (right hand)
Talismans
 x - a flux talisman (active)
 H - a serpent talisman
Wands
 d - a wand of light (9)
 n - a wand of flame (13)
 s - a wand of polymorph (8)
 t - a wand of paralysis (13)
 w - a wand of iceblast (6)
Scrolls
 e - 5 scrolls of blinking {unknown}
 f - a scroll of noise {unknown}
 g - 3 scrolls of enchant armour {unknown}
 l - a scroll of poison {unknown}
 m - a scroll of enchant weapon {unknown}
 q - 6 scrolls of teleportation
 v - 3 scrolls of summoning {unknown}
 C - 4 scrolls of immolation {unknown}
 D - 4 scrolls of revelation {unknown}
 E - 4 scrolls of fear {unknown}
Potions
 a - 3 potions of mutation
 b - a potion of lignification
 j - a potion of brilliance
 o - 7 potions of curing
 p - 2 potions of magic
 u - 2 potions of haste
 z - 3 potions of heal wounds
 G - a potion of ambrosia
 I - a potion of might
 J - a potion of berserk rage
 K - a potion of invisibility
 L - a potion of cancellation
 M - a potion of resistance
 O - a potion of attraction {unknown}


   Skills:
 + Level 6.6 Fighting
 + Level 6.1 Dodging
 + Level 7.6 Unarmed Combat
 + Level 5.8 Invocations
 * Level 9.8 Shapeshifting


You had 10 spell levels left.
You didn't know any spells.
Your spell library contained the following spells:

 Spells                   Type           Power      Damage    Failure   Level
 Cigotuvi's Dreadful Rot  Necr/Pois/Air  0%         N/A       83%         2
 Lesser Beckoning         Tloc           0%         N/A       83%         2
 Gell's Gravitas          Tloc           0%         N/A       96%         3
 Teleport Other           Tloc           0%         N/A       96%         3
 Dispel Undead            Necr           0%         3d6       100%        4
 Death Channel            Necr           Unusable   N/A       N/A         6

Dungeon Overview and Level Annotations

Branches:
Dungeon (9/15)             Temple (0/1) D:6         Ossuary (visited)
   Lair: D:8-11         Orc: D:9-12

Altars:
Dithmenos
Elyvilon
Hepliaklqana
Makhleb
Okawaru
Uskayaw

Shops:
D:5 ?   D:8 !


Innate Abilities, Weirdness & Mutations

You are something dangerously unstable.
You glow with magical radiation, making you easy to see and hit.
Foes you strike become dangerously contaminated with magical radiation.
You are incapable of wielding weapons or throwing items.
You have razor-sharp teeth.
Your natural rate of healing is unusually fast.
When hurt, damage is shared between your health and your magic reserves.
Your bite disrupts and absorbs the magic of your enemies.
Potions cannot restore your health.


Message History

You completely miss the molten gargoyle.
You closely miss the molten gargoyle.
You bite the molten gargoyle, but do no damage.
You hit the molten gargoyle but do no damage.
The molten gargoyle begins to glow.
You bite the molten gargoyle, but do no damage.
The molten gargoyle hits you with a +0 morningstar!
You are engulfed in flames!
You hit the molten gargoyle but do no damage.
The molten gargoyle glows dangerously bright.
You bite the molten gargoyle, but do no damage.
The molten gargoyle blasts magma at you!
The bolt of magma hits you.
The molten gargoyle blasts magma at you!
The bolt of magma misses you.
A molten gargoyle comes into view. It is wielding a +0 mace.
The molten gargoyle attacks as it pursues you!
The molten gargoyle hits you with a +0 morningstar.
You are engulfed in flames!
The molten gargoyle moves out of view.
You punch the molten gargoyle!
The molten gargoyle shudders as magic cascades through it!
You bite the molten gargoyle, but do no damage.
The molten gargoyle is severely damaged.
The molten gargoyle hits you with a +0 morningstar.
You are engulfed in flames!
The molten gargoyle blasts magma at you!
The bolt of magma misses you.
The molten gargoyle blasts magma at you!
The bolt of magma hits you!
* * * LOW HITPOINT WARNING * * *
As you read the scroll of teleportation, it crumbles to dust.
You feel strangely unstable.
The molten gargoyle blasts magma at you!
The bolt of magma misses you.
The molten gargoyle hits you with a +0 mace.
You are engulfed in flames!
* * * LOW HITPOINT WARNING * * *
The molten gargoyle blasts magma at you!
The bolt of magma hits you!!
You die...

....... ........ #
##....... § ≈≈ .##........
## .≈§§≈≈§ .#..........#.##
§§§88≈≈. .<.....# ........
#§≈§88≈≈. .......####.....#
#.≈≈§§≈≈§.
.........#..##..##.#.≈≈§§≈
........##......p9#...§(≈.
........##......#..#.#.#
................###9#.#.#.#
.....#..........##........#
....###............########
......#.###.....####
).....#.##...##.#
).............###
..............#


You could see 2 molten gargoyles.

Vanquished Creatures
  A two-headed ogre (D:9)
  The ghost of GreedOfGod the Trooper, a novice DsFi of Yredelemnul (D:8)
  Joseph (D:7)
  Maurice (D:8)
  Jeremiah (D:6)
  A troll (D:8)
  Prince Ribbit (D:6)
  Sigmund (D:3)
  3 wyverns
  A warg (D:8)
  4 water moccasins
  Edmund (D:3)
  Duvessa (D:3)
  3 orc warriors
  2 ice beasts (D:4)
  2 black bears (D:5)
  4 centaurs
  A phantom (D:6)
  2 kobold brigands (D:8)
  2 bullfrogs
  2 gnoll sergeants
  A scorpion (D:5)
  5 wights (D:8)
  Dowan (D:3)
  6 killer bees (D:8)
  4 electric eels (D:8)
  A howler monkey (D:6)
  3 hounds
  6 orc priests
  3 jellies
  Crazy Yiuf (D:6)
  3 gnoll boudas
  3 sleepcaps
  Terence (D:2)
  3 iguanas
  3 iron imps (D:8)
  8 orc wizards
  Natasha (thrice) (D:3)
  9 mummies
  10 adders
  19 gnolls
  A shadow imp (D:6)
  A white imp (D:7)
  2 ufetubi
  3 worms
  5 dart slugs
  36 orcs
  11 endoplasms
  7 giant cockroaches
  4 goblins
  11 hobgoblins
  2 jackals (D:4)
  4 quokkas
  8 ball pythons
  4 bats
  2 frilled lizards (D:1)
  A gnoll zombie (Ossuary)
  3 hobgoblin zombies (Ossuary)
  15 kobolds
  A kobold zombie (Ossuary)
  3 orc zombies (Ossuary)
  4 rats
257 creatures vanquished.

Notes
Turn   | Place    | Note
-------+----------+-------------------------------------------
     0 | D:1      | Ethylacetat the Vine Stalker Shapeshifter began the quest
                  | for the Orb.
     0 | D:1      | Reached XP level 1. HP: 9/9 MP: 2/2
    60 | D:1      | Reached skill level 1 in Fighting
    95 | D:1      | Reached XP level 2. HP: 14/14 MP: 3/3
   286 | D:1      | Reached XP level 3. HP: 18/18 MP: 2/4
   839 | D:2      | Noticed Terence
   856 | D:2      | Killed Terence
   857 | D:2      | Reached XP level 4. HP: 23/23 MP: 3/5
  1231 | D:3      | Reached skill level 4 in Shapeshifting
  1231 | D:3      | Reached XP level 5. HP: 24/26 MP: 4/6
  1465 | D:3      | Noticed Natasha
  1468 | D:3      | Killed Natasha
  1469 | D:3      | Reached XP level 6. HP: 26/31 MP: 7/7
  1476 | D:3      | Noticed Sigmund
  1481 | D:3      | Noticed Natasha
  1492 | D:3      | Killed Sigmund
  1493 | D:3      | Killed Natasha
  1494 | D:3      | Reached skill level 5 in Shapeshifting
  1522 | D:3      | Reached XP level 7. HP: 35/35 MP: 8/8
  1550 | D:3      | Found an iron altar of Okawaru.
  1659 | D:3      | Became a worshipper of Warmaster Okawaru
  1838 | D:3      | Noticed Natasha
  1845 | D:3      | Killed Natasha
  1912 | D:4      | Noticed Edmund
  1912 | D:4      | Noticed Duvessa
  1912 | D:4      | Noticed Dowan
  1925 | D:3      | Killed Edmund
  1934 | D:3      | Killed Duvessa
  1935 | D:3      | Reached skill level 1 in Invocations
  1940 | D:3      | Killed Dowan
  1941 | D:3      | Gained mutation: You have razor-sharp teeth. [Vine Stalker
                  | growth]
  1941 | D:3      | Reached XP level 8. HP: 40/40 MP: 9/9
  1950 | D:4      | Reached * piety under Okawaru
  2109 | D:4      | Reached skill level 6 in Shapeshifting
  2154 | D:4      | Reached skill level 5 in Unarmed Combat
  2298 | D:4      | Found a large runed translucent door.
  2327 | D:4      | Found a large runed translucent door.
  2346 | D:4      | Found a white marble altar of Elyvilon.
  2354 | D:4      | Found a shadowy altar of Dithmenos.
  2428 | D:5      | Entered Level 5 of the Dungeon
  2663 | D:5      | Found a hazy altar of Hepliaklqana.
  2699 | D:5      | Noticed a +0 short sword
  2700 | D:5      | Noticed a +0 falchion
  2701 | D:5      | Noticed a +0 spear
  2703 | D:5      | Noticed a +0 spear
  2703 | D:5      | Noticed a +0 dagger
  2703 | D:5      | Noticed a +0 falchion
  2704 | D:5      | Noticed a +0 short sword
  2705 | D:5      | Noticed a +0 dagger
  2706 | D:5      | Found a hide-covered altar of Uskayaw.
  2756 | D:5      | Reached ** piety under Okawaru
  2856 | D:5      | Reached XP level 9. HP: 45/45 MP: 12/12
  2876 | D:5      | Reached skill level 7 in Shapeshifting
  2885 | D:5      | Found The Oracle's Delphic Readings.
  2889 | D:5      | Bought a scroll of teleportation for 45 gold pieces
  2889 | D:5      | Bought a scroll of teleportation for 45 gold pieces
  2889 | D:5      | Bought a scroll of identify for 30 gold pieces
  3271 | D:6      | Found a staircase to the Ecumenical Temple.
  3344 | D:6      | Noticed Jeremiah
  3374 | D:6      | Killed Jeremiah
  3558 | D:6      | Reached *** piety under Okawaru
  3702 | D:6      | Noticed Prince Ribbit
  3719 | D:6      | Killed Prince Ribbit
  3720 | D:6      | Reached skill level 5 in Fighting
  3914 | D:6      | Found a runed translucent door.
  3915 | D:6      | Noticed Crazy Yiuf
  4133 | D:6      | Killed Crazy Yiuf
  4213 | D:7      | Noticed Joseph
  4230 | D:7      | Killed Joseph
  4231 | D:7      | Reached skill level 5 in Dodging
  4231 | D:7      | Reached skill level 8 in Shapeshifting
  4393 | D:7      | Reached XP level 10. HP: 51/51 MP: 14/14
  4487 | D:7      | Reached **** piety under Okawaru
  4557 | D:7      | Identified the +0 hat "Qupos" {rElec}
  4864 | D:8      | Found a runed translucent gate.
  4865 | D:8      | Found a runed translucent gate.
  4865 | D:8      | Noticed GreedOfGod's ghost (novice DsFi)
  4866 | D:8      | Found a runed translucent gate.
  5078 | D:8      | Reached skill level 5 in Invocations
  5141 | D:8      | Found Owiehir's Distillery.
  5144 | D:8      | Bought a potion of degeneration for 14 gold pieces
  5144 | D:8      | Bought a potion of might for 56 gold pieces
  5144 | D:8      | Bought a potion of berserk rage for 70 gold pieces
  5201 | D:8      | Found a sand-covered staircase.
  5211 | Ossuary  | Entered an ossuary
  5296 | Ossuary  | Reached ***** piety under Okawaru
  5468 | D:8      | Reached skill level 9 in Shapeshifting
  5495 | D:8      | Noticed Maurice
  5505 | D:8      | Found a burning altar of Makhleb.
  5517 | D:8      | Maurice stole a flux talisman
  5521 | D:8      | Killed Maurice
  5783 | D:8      | Identified the +0 long sword of Izaur {freeze, rF++ Str-5
                  | SInv}
  6275 | D:8      | Killed GreedOfGod's ghost
  6276 | D:8      | Reached XP level 11. HP: 53/58 MP: 16/16
  6351 | D:9      | Noticed a two-headed ogre
  6358 | D:9      | Killed a two-headed ogre
  6358 | D:9      | Received a gift from Okawaru
  6476 | D:9      | Killed from afar by a molten gargoyle

Illustrated notes

Levels and vault maps discovered:
D:1:      amcnicky_arrival_blooded_trapdoor, layout_basic,
          amcnicky_mini_pool_small, minmay_tromino_v4_a
D:2:      layout_rooms, serial_forest, infiniplex_forest_end_2,
          infiniplex_forest_lined_3_way, infiniplex_forest_zigzag_1,
          infiniplex_forest_end_3, infiniplex_forest_clump_curved,
          infiniplex_forest_diagonal, infiniplex_forest_clump_small,
          uniq_terence
D:3:      layout_rooms, amcnicky_altar_gilded, minivault_14, uniq_sigmund,
          uniq_natasha
D:4:      layout_rooms, jmf_multi_god_temple2, uniq_edmund, uniq_duvessa
D:5:      layout_loops_ring, nicolae_uskayaw_en_pointe,
          nicolae_hepliaklqana_hazy_memory, nicolae_nh_oracle_at_delphi
D:6:      layout_loops_ring, minmay_temple_entry_overgrown, uniq_jeremiah,
          uniq_prince_ribbit1, uniq_crazy_yiuf_cottage
D:7:      layout_basic, hellmonk_no_cap, uniq_joseph
D:8:      layout_basic, demons_altar, serial_bayou, serial_bayou_pond_e,
          serial_bayou_lagoon_a, serial_bayou_crossing, serial_bayou_ford_a,
          biasface_ghost_orc_armoury, serial_shops, kennysheep_mini,
          gup_ossuary_entry_pyramid, minmay_misc_feat_rows,
          corexii_corridor_pit, mrwooster_statue_mirror, uniq_maurice
D:9:      layout_cave_pools, minmay_lair_entry_grove, minivault_8

Skill      XL: |  1  2  3  4  5  6  7  8  9 10 |
---------------+-------------------------------+-----
Fighting       | 1 2 3 4 5 6 |  6.6
Dodging        | 2 3 4 5 6 |  6.1
Shapeshifting  | 4 5 6 8 9 |  9.8
Unarmed Combat | 4 5 6 7 |  7.6
Invocations    | 1 2 4 5 |  5.8

Action                     |  1- 3 |  4- 6 |  7- 9 | 10-12 || total
---------------------------+-------+-------+-------+-------++-------
  Melee: Unarmed           |    96 |   114 |   317 |   315 ||   842
         Bite              |    24 |    25 |   105 |   138 ||   292
         Punch             |     3 |     4 |    12 |       ||    19
  Evoke: Wand              |       |       |       |     3 ||     3
    Use: Scroll            |       |       |       |    11 ||    11
   Stab: Invisible         |       |       |       |     3 ||     3
 Armour: Animal skin       |     7 |       |       |       ||     7
         Ring mail         |    45 |       |       |       ||    45
         Scale mail        |       |   110 |   225 |   299 ||   634
  Dodge: Dodged            |    50 |    58 |   170 |   221 ||   499
   Form: Flux              |       |       |     1 |       ||     1

Table legend: (Time is in decaauts)
 A = Elapsed time spent in this place.
 B = Non-inter-level travel time spent in this place.
 C = Inter-level travel time spent in this place.
 D = Time resting spent in this place.
 E = Time spent auto-exploring this place.
 F = Levels seen in this place.
 G = Mean time per level.
                   A        B        C        D        E       F      G
               +--------+--------+--------+--------+--------+-----+--------+
         Total |   6414 |   6171 |    243 |      0 |   4326 |  10 |  641.4 |
       Dungeon |   6206 |   5963 |    243 |      0 |   4203 |   9 |  689.6 |
       Ossuary |    208 |    208 |      0 |      0 |    123 |   1 |  208.0 |
               +--------+--------+--------+--------+--------+-----+--------+

Top non-repeatable levels by time:
     D:8: 1308 daAuts
     D:6: 1020 daAuts
     D:5: 735 daAuts
     D:3: 713 daAuts
     D:7: 617 daAuts
     D:1: 612 daAuts
     D:2: 595 daAuts
     D:4: 482 daAuts
 Ossuary: 208 daAuts
     D:9: 121 daAuts
